 Dungeon Crawl Stone Soup version 0.29.1-2-gbd0b4ee654 (webtiles) character file.

Game seed: 7527592811857488169

1150 qeuew the Shooter (level 8, -1/54 HPs)
             Began as a Formicid Arcane Marksman on Nov 4, 2022.
             Slain by a two-headed ogre
             ... wielding a +0 giant club
              (17 damage)
             ... on level 5 of the Dungeon.
             The game lasted 00:11:29 (4723 turns).

qeuew the Shooter (Formicid Arcane Marksman)        Turns: 4723, Time: 00:11:30

Health: -1/54      AC:  7    Str: 14    XL:     8   Next: 65%
Magic:  10/13      EV: 12    Int: 14    God:
Gold:   187        SH:  0    Dex: 16    Spells: 9/13 levels left

rFire   . . .      SeeInvis +   a - +2 sling (venom)
rCold   . . .      Faith    .   (no shield)
rNeg    . . .      Spirit   .   h - +0 ring mail
rPois   .          Reflect  .   (helmet unavailable)
rElec   .          Harm     .   m - scarf {repulsion}
rCorr   .          Rampage  .   (no gloves)
Will    .....                   (no boots)
Stlth   +.........              g - amulet of magic regeneration
HPRegen 0.18/turn               (no ring)
MPRegen 0.53/turn               (no ring)

@: repel missiles, unable to drink
A: permanent stasis, dig shafts and tunnels, antennae 3, four strong arms,
iridescent scales 1, inability to drink after injury 1
a: Dig, Shaft Self


You were on level 5 of the Dungeon.
You visited 1 branch of the dungeon, and saw 5 of its levels.

You collected 187 gold pieces.

Inventory:

Hand Weapons
 a - a +2 sling of venom (weapon)
 f - a +0 falchion
Armour
 h - a +0 ring mail (worn)
 m - a scarf of repulsion (worn)
Jewellery
 g - an amulet of magic regeneration (around neck)
Wands
 b - a wand of flame (28)
 o - a wand of roots (1)
Scrolls
 l - a scroll of magic mapping
Potions
 c - 2 potions of might
 d - 2 potions of curing
 i - a potion of heal wounds
 j - a potion of ambrosia
 p - a potion of flight
 q - a potion of resistance


   Skills:
 - Level 1.1 Fighting
 - Level 0.9(1.9) Short Blades
 * Level 2.6(2.7) Long Blades
 + Level 5.8 Ranged Weapons
 * Level 3.2 Armour
 * Level 3.2 Dodging
 * Level 3.3 Spellcasting
 * Level 5.4 Hexes
 * Level 2.7 Fire Magic


You had 9 spell levels left.
You knew the following spells:

 Your Spells              Type           Power      Damage    Failure   Level
a - Slow                  Hex            68%        N/A       4%          1
b - Inner Flame           Hex/Fire       13%        N/A       22%         3

Your spell library contained the following spells:

 Spells                   Type           Power      Damage    Failure   Level
 Portal Projectile        Hex/Tloc       18%        N/A       38%         3
 Cause Fear               Hex            8%         N/A       41%         4


Dungeon Overview and Level Annotations

Branches:
Dungeon (5/15)
 Temple: D:4-7

Altars:


Innate Abilities, Weirdness & Mutations

You cannot be hasted, slowed, berserked, paralysed or teleported.
You can dig through walls and to a lower floor.
You have a pair of large antennae on your head. (SInv)
Your four strong arms can wield two-handed weapons with a shield.
You are partially covered in iridescent scales. (AC +2)
You occasionally lose the ability to drink potions when taking damage.


Message History

What level of the Dungeon? (default 1, ? - help)
Things that are here:
a +0 club; 4 poisoned darts
There is a stone staircase leading down here.
You climb downwards.
There is a stone staircase leading up here.
d - 2 potions of curing (gained 1)
Found a potion of lignification.
You can't see any susceptible monsters within range! (Use Z to cast anyway.)
You sense a monster nearby.
A two-headed ogre comes into view.
It is wielding a +0 giant club and a +0 giant spiked club.
The two-headed ogre shouts in stereo!
You hear a shout! x2
You shoot a sling bullet.
The sling bullet hits the two-headed ogre!
The two-headed ogre is poisoned.
The two-headed ogre is lightly wounded.
The two-headed ogre resists with some effort.
The two-headed ogre resists with some effort.
You miscast Inner Flame.
You are very lightly contaminated with residual magic.
Nothing appears to happen.
The two-headed ogre barely misses you.
The two-headed ogre hits you with a +0 giant spiked club!
An orc comes into view. It is wielding a +0 short sword.
You shoot a sling bullet. The orc shouts!
The sling bullet hits the two-headed ogre!
The two-headed ogre looks even sicker.
The two-headed ogre is heavily wounded.
You hear a shout!
The orc throws a boomerang.
The boomerang barely misses you. The two-headed ogre barely misses you.
The two-headed ogre completely misses you.
Your magical contamination has completely faded away.
The two-headed ogre attacks as you move away!
The two-headed ogre hits you with a +0 giant club!!
* * * LOW HITPOINT WARNING * * *
The two-headed ogre hits you with a +0 giant spiked club!
You feel threatened and lose the ability to drink potions!
You die...

###.#.#.#..# # #..
.......... .. ..
..#...#.#.# # ###.
##..o......
..#...###...##...
.......#....##.#
................####
.........O#.........!#
........@.#..........#
.....................#
..........#..........#
..........#..........#
.........##..........#
.......................
...........#########.
.#..........#
...........#


You could see a two-headed ogre (very poisoned) and an orc.

Vanquished Creatures
  Pikel (D:4)
  Sigmund (D:2)
  Edmund (D:4)
  A lemure (D:4)
  A hound (D:4)
  An orc priest (D:4)
  Jessica (D:3)
  Ijyb (D:3)
  An iguana (D:4)
  3 orc wizards (D:4)
  Robin (D:3)
  7 adders
  An adder skeleton (D:2)
  3 dart slugs
  7 orcs (D:4)
  3 ball pythons
  7 bats
  A bat zombie (D:2)
  7 endoplasms
  6 giant cockroaches
  15 goblins
  14 hobgoblins
  7 jackals
  4 quokkas
  3 frilled lizards
  8 kobolds
  10 rats
116 creatures vanquished.

Vanquished Creatures (others)
  4 fungi (D:1)
  11 plants
  4 withered plants (D:2)
19 creatures vanquished.

Grand Total: 135 creatures vanquished

Notes
Turn   | Place    | Note
-------+----------+-------------------------------------------
     0 | D:1      | qeuew the Formicid Arcane Marksman began the quest for the
                  | Orb.
     0 | D:1      | Reached XP level 1. HP: 15/15 MP: 2/2
   213 | D:1      | Reached XP level 2. HP: 21/21 MP: 4/4
   656 | D:1      | Found a faded altar of an unknown god.
   661 | D:1      | Reached XP level 3. HP: 26/26 MP: 5/5
   665 | D:1      | Learned a level 3 spell: Inner Flame
  1093 | D:1      | Gained mutation: You occasionally lose the ability to drink
                  | potions when taking damage. [potion of mutation]
  1093 | D:1      | Gained mutation: You are partially covered in iridescent
                  | scales. (AC +2) [potion of mutation]
  1281 | D:2      | Reached XP level 4. HP: 32/32 MP: 6/6
  1315 | D:2      | Reached skill level 1 in Armour
  1323 | D:2      | Noticed Sigmund
  1551 | D:2      | Killed Sigmund
  1552 | D:2      | Reached skill level 1 in Long Blades
  1552 | D:2      | Reached skill level 1 in Fire Magic
  1552 | D:2      | Reached XP level 5. HP: 10/37 MP: 6/8
  1552 | D:2      | Reached XP level 6. HP: 11/43 MP: 6/9
  2619 | D:3      | Noticed Ijyb
  2650 | D:3      | Killed Ijyb
  3064 | D:3      | Noticed Jessica
  3068 | D:3      | Killed Jessica
  3111 | D:3      | Noticed Robin
  3117 | D:3      | Killed Robin
  3423 | D:4      | Reached XP level 7. HP: 48/48 MP: 10/10
  3536 | D:4      | Noticed Pikel
  3552 | D:4      | Killed Pikel
  3553 | D:4      | Reached skill level 5 in Ranged Weapons
  3553 | D:4      | Reached skill level 5 in Hexes
  3553 | D:4      | Reached XP level 8. HP: 19/54 MP: 10/12
  4362 | D:4      | Noticed Edmund
  4376 | D:4      | Killed Edmund
  4687 | D:5      | Entered Level 5 of the Dungeon
  4709 | D:5      | Noticed a two-headed ogre
  4723 | D:5      | Slain by a two-headed ogre

Illustrated notes

Levels and vault maps discovered:
D:1:      dpeg_arrival_ternary, layout_basic, dreamdust_ecumenical_altar_grove,
          minmay_tromino_i2
D:2:      layout_rooms, serial_undead, serial_undead_f, serial_undead_e,
          serial_undead_a, serial_undead_a, uniq_sigmund
D:3:      layout_basic, serial_park_tiny_2, uniq_ijyb, uniq_jessica, uniq_robin
D:4:      layout_cave_pods, uniq_edmund, uniq_pikel
D:5:      layout_rooms, serial_bayou_ford_a, hangedman_decor_push,
          hangedman_decor_points, nicolae_figureground_sparkle

Skill      XL: |  1  2  3  4  5  6  7 |
---------------+----------------------+-----
Hexes          | 4 5 |  5.4
Armour         | 1 2 3 |  3.2
Long Blades    | 1 2 |  2.6
Ranged Weapons | 3 4 5 |  5.8
Dodging        | 2 3 |  3.2
Spellcasting   | 2 3 |  3.3
Fire Magic     | 1 2 |  2.7
Fighting       | |  1.1
Short Blades   | |  0.9

Action                   |  1- 3 |  4- 6 |  7- 9 || total
-------------------------+-------+-------+-------++-------
Melee: Dagger            |    25 |       |       ||    25
       Falchion          |       |    27 |     8 ||    35
       Punch             |       |     1 |       ||     1
 Fire: Sling             |   101 |   128 |    96 ||   325
 Cast: Slow              |     2 |       |       ||     2
       Inner Flame       |       |     1 |     3 ||     4
  Use: Scroll            |     2 |     8 |     5 ||    15
       Potion            |     1 |     4 |       ||     5
Armor: Robe              |    17 |     1 |       ||    18
       Ring mail         |       |    37 |    15 ||    52
Dodge: Dodged            |    49 |    56 |    23 ||   128
       Repelled          |       |       |     1 ||     1
